 Dungeon Crawl Stone Soup version 0.30-a0-859-gf88a04b62d (webtiles) character file.

Game seed: 14778412854936151202

9 Esekla the Sneak (level 2, 14/21 HPs)
             Began as an Octopode Delver on Mar 6, 2023.
             Quit the game on level 5 of the Dungeon.
             The game lasted 00:01:14 (247 turns).

Esekla the Sneak (Octopode Delver)                   Turns: 247, Time: 00:01:15

Health: 14/21      AC:  1    Str: 11    XL:     2   Next: 16%
Magic:  2/2        EV: 13    Int: 12    God:
Gold:   0          SH:  0    Dex: 13    Spells: 1/1 levels left

rFire   . . .      SeeInvis .    a - +0 falchion
rCold   . . .      Faith    .    (no shield)
rNeg    . . .      Spirit   .    (helmet restricted)
rPois   .          Reflect  .    (no amulet)
rElec   .          Rampage  .    (no ring)
rCorr   .                        (no ring)
Will    .....                    (no ring)
Stlth   ++++                     (no ring)
HPRegen 0.23/turn                (no ring)
MPRegen 0.08/turn                (no ring)
                                 (no ring)
                                 (no ring)

@: no status effects
A: almost no armour, amphibious, 8 rings, camouflage 1, gelatinous body 1,
(nimble swimmer 1), tentacles
a: no special abilities


You were on level 5 of the Dungeon.
You visited 2 branches of the dungeon, and saw 2 of its levels.

Inventory:

Hand Weapons
 a - a +0 falchion (weapon)
Wands
 f - a wand of digging (3)
Scrolls
 b - a scroll of fog
 d - a scroll of fear
 g - a scroll of enchant armour {unknown}
Potions
 c - a potion of ambrosia {unknown}
 e - a potion of haste


   Skills:
 * Level 3.1 Fighting
 * Level 2.1 Long Blades
 * Level 2.1 Dodging
 + Level 6.9 Stealth
 * Level 0.2 Spellcasting


You had one spell level left.
You didn't know any spells.
Your spell library was empty.

Dungeon Overview and Level Annotations

Branches:
Dungeon (5/15)             Temple (1/1) D:5

Altars:
Ashenzari
Cheibriados
Dithmenos
Kikubaaqudgha
Makhleb
Nemelex Xobeh
Okawaru
Qazlal
Ru
Trog
Vehumet
The Shining One

Shops:
D:5 (


Innate Abilities, Weirdness & Mutations

You cannot wear most types of armour.
You are amphibious.
You can wear up to eight rings at the same time.
Your skin changes colour to match your surroundings (Stealth+).
Your rubbery body absorbs attacks. (AC +1, EV +1)
((You are camouflaged when in or above water. (Stealth+)))
You have tentacles for arms and can constrict up to eight enemies at once.


Message History

There is a staircase back to the Dungeon here.
There is an empty arch of ancient stone here.
There is an empty arch of ancient stone here.
Done exploring.
(D) Dungeon (T) Temple
Where to? (? - help)
There is a staircase back to the Dungeon here.
You climb upwards.
There is a staircase to the Ecumenical Temple here.
There is an open door here.
Found a club.
You open the door.
An adder comes into view.
Found 8 stones.
Found Vuipt's Weapon Boutique.
Found a scroll labelled ACUBASMOGOGH.
There is an open door here.
You barely miss the adder. Your grab misses the adder. The adder bites you.
You are poisoned.
The adder poisons you!
You closely miss the adder. You grab the adder. You constrict the adder.
You feel sick. The adder misses you. The adder closely misses you.
You slash the adder!
The adder is severely wounded.
You constrict the adder.
You feel sick. The adder closely misses you.
You hit the adder.
The adder is almost dead.
You constrict the adder.
You kill the adder!
You feel sick.
You have reached level 2!
You feel sick.
You are no longer poisoned.
You see here an adder corpse.
There is an entrance to Vuipt's Weapon Boutique here.
You can access your shopping list by pressing '$'.
Found 2 boomerangs.
Found 12 gold pieces.
g - a scroll labelled ACUBASMOGOGH
Okay, then.
Are you sure you want to abandon this character and quit the game? (Confirm with "yes".)

*,******#.#********,,,,,,
*,,,,,,,#.# ***,***
*******,#.###########,***
*,#....∩......#,*,,
###+#......(....#,*,*
#...............#,*,,
#..........†....#,*,,
#...............#,*,,
#...@.#####'#####.#,,
#.....# #.# *.#,. #.....#
#.# #.#.. #.....#*
#.#####.#.. #.(..$.*
#.......#.#
######.########......
*.#...........).
*....#####.....# ***,,,**
#.....#


There were no monsters in sight!

Vanquished Creatures
  An adder (D:5)
1 creature vanquished.

Notes
Turn   | Place    | Note
-------+----------+-------------------------------------------
     0 | D:5      | Esekla the Octopode Delver began the quest for the Orb.
     0 | D:5      | Reached XP level 1. HP: 16/16 MP: 1/1
    17 | D:5      | Found a staircase to the Ecumenical Temple.
    26 | Temple   | Entered the Ecumenical Temple
   224 | D:5      | Found Vuipt's Weapon Boutique.
   235 | D:5      | Reached XP level 2. HP: 13/21 MP: 2/2
   247 | D:5      | Quit the game

Illustrated notes

Levels and vault maps discovered:
D:5:      layout_basic, minmay_temple_entry_hall, serial_shops, shop
Temple:   hellmonk_temple_forest_ring

Action                     || total
---------------------------++-------
  Melee: Falchion          ||     4
         Constrict         ||     1
    Use: Scroll            ||     1
  Dodge: Dodged            ||     3

Table legend: (Time is in decaauts)
 A = Elapsed time spent in this place.
 B = Non-inter-level travel time spent in this place.
 C = Inter-level travel time spent in this place.
 D = Time resting spent in this place.
 E = Time spent auto-exploring this place.
 F = Levels seen in this place.
 G = Mean time per level.
                   A        B        C        D        E       F      G
               +--------+--------+--------+--------+--------+-----+--------+
         Total |    248 |    229 |     19 |      0 |    136 |   2 |  124.0 |
       Dungeon |     84 |     83 |      1 |      0 |      0 |   1 |   84.0 |
        Temple |    163 |    145 |     18 |      0 |    136 |   1 |  163.0 |
               +--------+--------+--------+--------+--------+-----+--------+

Top non-repeatable levels by time:
  Temple: 163 daAuts
     D:5: 84 daAuts
